 Dungeon Sprint DCSS version 0.30.1-4-g462c640d31 (webtiles) character file.

Game seed: 6948887020280901101

11998 rocky1 the Eclecticist (level 11, 0/68 HPs)
             Began as a Deep Elf Earth Elementalist on Aug 18, 2023.
             Was a High Priest of Sif Muna.
             Succumbed to a killer bee's poison
             ... in the Dungeon (Sprint III: "The Ten Rune Challenge") on Aug 21, 2023.
             The game lasted 00:21:36 (4197 turns).

rocky1 the Eclecticist (DEEE)                       Turns: 4197, Time: 00:21:37

Health: 0/68       AC:  4    Str:  5    XL:     11   Next: 56%
Magic:  24/37      EV: 16    Int: 25    God:    Sif Muna [*****.]
Gold:   3589       SH:  0    Dex: 15    Spells: 29/51 levels left

rFire   + . .        (no weapon)
rCold   + . .        (no shield)
rNeg    . . .        s - +2 robe {Will+}
rPois   +            (no helmet)
rElec   +            (no cloak)
rCorr   +            (no gloves)
SInv    .            (no boots)
Will    ++...        (no amulet)
Stlth   ++           (no ring)
HPRegen 0.31/turn    (no ring)
MPRegen 0.25/turn

%: no teleportation
@: lethally poisoned (0 -> -14), resistant
A: no striking features
a: Renounce Religion, Channel Magic, Forget Spell, Divine Exegesis


You were in the Dungeon.
You worshipped Sif Muna.
Sif Muna was extremely pleased with you.
You visited 1 branch You collected 3589 gold pieces.

Inventory:

Hand Weapons
 n - a +1 long sword of holy wrath
 r - a +1 scimitar of flaming
Armour
 a - a +0 robe
 s - a +2 robe of willpower (worn)
Wands
 p - a wand of paralysis (15)
Scrolls
 h - 4 scrolls of identify
 m - a scroll of immolation {unknown}
Potions
 f - a potion of berserk rage
 i - 5 potions of mutation {unknown}
 k - a potion of resistance
 l - 3 potions of flight
 o - a potion of might
Miscellaneous
 q - a phial of floods


   Skills:
 - Level 8.3 Fighting
 - Level 8.2 Dodging
 - Level 3.7 Stealth
 - Level 20.7 Spellcasting
 + Level 13.8 Conjurations
 - Level 5.8 Summonings
 - Level 1.8 Transmutations
 + Level 16.0 Earth Magic
 - Level 9.0 Invocations


You had 29 spell levels left.
You knew the following spells:

 Your Spells              Type           Power      Damage    Failure   Level
a - Sandblast             Erth           100%       2d20      0%          1
b - Stone Arrow           Conj/Erth      100%       3d13      0%          3
c - Passwall              Tmut/Erth      52%        N/A       1%          2
d - Animate Armour        Summ/Erth      100%       N/A       1%          4
e - Petrify               Tmut/Erth      63%        N/A       1%          4
f - Lehudib's Crystal Sp  Conj/Erth      39%        10d10     24%         8

Your spell library contained the following spells:

 Spells                   Type           Power      Damage    Failure   Level
 Searing Ray              Conj           100%       2d8       0%          2
 Summon Small Mammal      Summ           100%       N/A       1%          1
 Call Canine Familiar     Summ           53%        N/A       1%          3
 Summon Guardian Golem    Hex/Summ       40%        N/A       1%          3
 Blink                    Tloc           50%        N/A       2%          2
 Arcjolt                  Conj/Air       28%        1d38      2%          5
 Confusing Touch          Hex            25%        N/A       4%          3
 Vhi's Electric Charge    Tloc/Air       50%        N/A       4%          3
 Orb of Destruction       Conj           38%        9d11      4%          7
 Conjure Ball Lightning   Conj/Air       28%        3x3d8     14%         6
 Starburst                Conj/Fire      28%        6d9       14%         6
 Manifold Assault         Tloc           25%        N/A       16%         4
 Olgreb's Toxic Radiance  Pois           25%        N/A       16%         4
 Alistair's Intoxication  Tmut/Pois      20%        N/A       30%         5
 Monstrous Menagerie      Summ           26%        N/A       77%         7
 Summon Hydra             Summ           26%        N/A       77%         7
 Dispersal                Tloc           12%        N/A       94%         6
 Haunt                    Necr/Summ      20%        N/A       99%         7
 Borgnjor's Revivificati  Necr           12%        N/A       100%        8
 Necromutation            Tmut/Necr      15%        N/A       100%        8
 Death's Door             Necr           12%        N/A       100%        9


Dungeon Overview and Level Annotations

Branches:
Dungeon (1/1)

Altars:
Cheibriados
Dithmenos
Elyvilon
Fedhas
Gozag
Hepliaklqana
Kikubaaqudgha
Makhleb
Nemelex Xobeh
Okawaru
Qazlal
Ru
Sif Muna
Trog
Uskayaw
Vehumet
Wu Jian
Xom
Yredelemnul
Zin
The Shining One
Jiyva
Lugonu

Shops:
D (


Message History

Aim: a queen bee (heavily wounded, very poisoned, 78% to hit)
The stone arrow hits the queen bee!
The queen bee is almost dead.
* * * LOW HITPOINT WARNING * * *
You feel very sick. Sif Muna accepts your kill.
You feel a bit more experienced.
You kill the killer bee!
Sif Muna accepts your kill. The queen bee completely misses you.
A killer bee comes into view.
The killer bee buzzes angrily.
Unknown command.
Unknown command.
* * * LOW HITPOINT WARNING * * *
You feel very sick. Sif Muna accepts your kill.
You feel a bit more experienced.
The killer bee rages.
Unknown command.
Aiming: Stone Arrow (safe; 0% risk of failure)
Press: ? - help, Q - select action, (/) - cycle Shift-Dir - straight line, f/p - queen bee
Aim: a queen bee (almost dead, very poisoned, 78% to hit)
The stone arrow hits the queen bee!
You kill the queen bee!
Sif Muna accepts your kill.
* * * LOW HITPOINT WARNING * * *
You feel very sick. Sif Muna accepts your kill.
You feel a bit more experienced.
You hear an angry buzzing noise.
The killer bee stings you.
* * * LOW HITPOINT WARNING * * *
You are more poisoned.
The killer bee poisons you!
Your Earth Magic skill increases to level 16!
Unknown command.
It was a potion of resistance.
You feel protected.
You die...

##∩)...')#...# .
.....).#.#)..##≈≈
.....###.#...≈≈≈e
......##.#...##≈
###...##.'...# #
..##########
#########################
~§§§#.))..+.#.#.#yyyyy~≈#
§§#.#.#...##.#.#@##...~≈#
§.#.#.#...#.#.#.#.# †y~≈≈
.§#...#...##.#.#.##


yyy~ ▓▓▓▓▓▓▓▓▓▓#.#.#.#.# yy. ....~~~...##.#.#.## .. ≈≈≈≈≈≈♣♣P.+.#.#.#.# .
♣♣♣♣♣♣♣♣PP##.#.#.## ♣♣♣##+##### You could see 5 killer bees.

Vanquished Creatures
  Erica (D)
  A centaur warrior (D)
  Urug (D)
  A deep elf knight (D)
  A lindwurm (D)
  An orc knight (D)
  An orc sorcerer (D)
  3 deep elf pyromancers (D)
  2 deep elf zephyrmancers (D)
  A cane toad (D)
  An unseen horror (D)
  A rime drake (D)
  A queen bee (D)
  3 wandering mushrooms (D)
  2 tyrant leeches (D)
  5 blink frogs (D)
  A shadow (D)
  3 redbacks (D)
  A spatial vortex (D)
  3 orc warriors (D)
  A swamp drake (D)
  2 centaurs (D)
  An earth elemental (D)
  A water elemental (D)
  A necrophage (D)
  20 killer bees (D)
  A jelly (D)
  2 orc priests (D)
  Jessica (D)
  A wizard (D)
  A necromancer (D)
  3 orc wizards (D)
  A kobold demonologist (D)
  3 humans (D)
  A wolf (D)
  8 orcs (D)
  2 endoplasms (D)
  A rat (D)
85 creatures vanquished.

Vanquished Creatures (collateral kills)
  A cane toad (D)
  A komodo dragon (D)
2 creatures vanquished.

Grand Total: 87 creatures vanquished

Notes
Turn   | Place    | Note
-------+----------+-------------------------------------------
     0 | D        | rocky1 the Deep Elf Earth Elementalist began the quest for
                  | the Orb.
     0 | D        | Reached XP level 1. HP: 10/10 MP: 6/6
    44 | D        | Noticed Jessica
    47 | D        | Killed Jessica
    48 | D        | Reached skill level 4 in Spellcasting
    48 | D        | Reached XP level 2. HP: 15/15 MP: 3/9
    48 | D        | Reached XP level 3. HP: 19/19 MP: 3/11
   119 | D        | Learned a level 3 spell: Stone Arrow
   124 | D        | Learned a level 2 spell: Passwall
   137 | D        | Reached skill level 5 in Spellcasting
   175 | D        | Reached skill level 1 in Conjurations
   312 | D        | Noticed a water elemental
   316 | D        | Killed a water elemental
   317 | D        | Reached skill level 7 in Spellcasting
   317 | D        | Reached XP level 4. HP: 2/24 MP: 6/15
   676 | D        | Found a radiant altar of Vehumet.
   676 | D        | Found a shimmering blue altar of Sif Muna.
   676 | D        | Found an ancient bone altar of Kikubaaqudgha.
   676 | D        | Noticed a wizard
   678 | D        | Killed a wizard
   679 | D        | Reached XP level 5. HP: 28/28 MP: 14/17
   681 | D        | Noticed a hellwing
   685 | D        | Reached skill level 8 in Spellcasting
   695 | D        | Became a worshipper of Sif Muna the Loreminder
   743 | D        | Found a glowing silver altar of Zin.
   743 | D        | Found a glowing golden altar of the Shining One.
   743 | D        | Found a white marble altar of Elyvilon.
   743 | D        | Noticed a deep elf pyromancer
   745 | D        | Killed a deep elf pyromancer
   746 | D        | Reached skill level 11 in Spellcasting
   746 | D        | Reached skill level 10 in Earth Magic
   746 | D        | Reached XP level 6. HP: 37/37 MP: 12/22
   746 | D        | Reached XP level 7. HP: 41/41 MP: 12/23
   813 | D        | Found a hide-covered altar of Uskayaw.
   813 | D        | Found an iron altar of Okawaru.
   813 | D        | Found a bloodstained altar of Trog.
   813 | D        | Found an ornate altar of the Wu Jian Council.
   813 | D        | Noticed a human
   813 | D        | Noticed a human
   815 | D        | Killed a human
   816 | D        | Reached skill level 5 in Dodging
   816 | D        | Reached skill level 12 in Spellcasting
   819 | D        | Killed a human
   819 | D        | Reached * piety under Sif Muna
  1039 | D        | Found a basalt altar of Yredelemnul.
  1039 | D        | Found a shadowy altar of Dithmenos.
  1039 | D        | Found a sacrificial altar of Ru.
  1075 | D        | Noticed a shadow
  1079 | D        | Killed a shadow
  1079 | D        | Reached ** piety under Sif Muna
  1080 | D        | Reached skill level 13 in Spellcasting
  1080 | D        | Reached skill level 1 in Invocations
  1080 | D        | Reached XP level 8. HP: 26/48 MP: 17/27
  1165 | D        | Found a blossoming altar of Fedhas.
  1165 | D        | Found a stormy altar of Qazlal.
  1165 | D        | Found a snail-covered altar of Cheibriados.
  1165 | D        | Found a burning altar of Makhleb.
  1165 | D        | Found a shimmering altar of Xom.
  1166 | D        | Found a hazy altar of Hepliaklqana.
  1166 | D        | Found an opulent altar of Gozag.
  1166 | D        | Found a sparkling altar of Nemelex Xobeh.
  1166 | D        | Found a corrupted altar of Lugonu.
  1166 | D        | Found a viscous altar of Jiyva.
  1218 | D        | Noticed Erica
  1223 | D        | Killed Erica
  1224 | D        | Reached skill level 5 in Fighting
  1224 | D        | Reached skill level 14 in Spellcasting
  1297 | D        | Noticed an orc sorcerer
  1297 | D        | Reached *** piety under Sif Muna
  1300 | D        | Noticed a red devil
  1300 | D        | Noticed an orc knight
  1302 | D        | Killed an orc sorcerer
  1303 | D        | Reached skill level 15 in Spellcasting
  1303 | D        | Reached XP level 9. HP: 52/55 MP: 14/30
  1376 | D        | Killed an orc knight
  1376 | D        | Reached **** piety under Sif Muna
  1377 | D        | Reached skill level 10 in Conjurations
  1377 | D        | Reached skill level 5 in Invocations
  1441 | D        | Reached ***** piety under Sif Muna
  1442 | D        | Received a gift from Sif Muna
  1648 | D        | Found Yliyqecsud's Weapon Boutique.
  1813 | D        | Learned a level 4 spell: Animate Armour
  1818 | D        | Learned a level 4 spell: Petrify
  1827 | D        | Learned a level 8 spell: Lehudib's Crystal Spear
  1918 | D        | Noticed a centaur warrior
  1925 | D        | Killed a centaur warrior
  1926 | D        | Reached skill level 16 in Spellcasting
  1926 | D        | Reached XP level 10. HP: 19/61 MP: 13/32
  2107 | D        | Noticed a deep elf zephyrmancer
  2107 | D        | Noticed a deep elf pyromancer
  2107 | D        | Noticed a deep elf pyromancer
  2107 | D        | Noticed a deep elf knight
  2107 | D        | Noticed a deep elf zephyrmancer
  2129 | D        | Killed a deep elf pyromancer
  2129 | D        | Received a gift from Sif Muna
  2131 | D        | Killed a deep elf zephyrmancer
  2137 | D        | Killed a deep elf pyromancer
  2138 | D        | Reached skill level 17 in Spellcasting
  2139 | D        | Killed a deep elf knight
  2140 | D        | Reached skill level 1 in Summonings
  2141 | D        | Got Sif Muna's Discourse on Cunning Angles {god gift}
  2153 | D        | Noticed a deep elf high priest
  2154 | D        | Killed a deep elf zephyrmancer
  2408 | D        | Received a gift from Sif Muna
  2409 | D        | Got Sif Muna's Octavo of the Comitatus {god gift}
  2454 | D        | Reached skill level 18 in Spellcasting
  2454 | D        | Reached skill level 15 in Earth Magic
  2531 | D        | Noticed a cane toad
  2531 | D        | Noticed a cane toad
  2537 | D        | Killed a cane toad
  2543 | D        | Killed a cane toad
  2865 | D        | Reached XP level 11. HP: 68/68 MP: 28/35
  2898 | D        | HP: 2/68 [tyrant leech (30)]
  3270 | D        | Noticed a lindwurm
  3275 | D        | Killed a lindwurm
  3277 | D        | Received a gift from Sif Muna
  3368 | D        | Noticed Urug
  3369 | D        | Reached skill level 19 in Spellcasting
  3370 | D        | Killed Urug
  3371 | D        | Reached skill level 5 in Summonings
  3747 | D        | Received a gift from Sif Muna
  3753 | D        | Reached skill level 20 in Spellcasting
  3848 | D        | Got Sif Muna's Teachings on Bolts {god gift}
  4181 | D        | Received a gift from Sif Muna
  4187 | D        | Got Sif Muna's Omnibus of the Moving Snake {god gift}
  4189 | D        | Reached ****** piety under Sif Muna
  4193 | D        | Received a gift from Sif Muna
  4197 | D        | Succumbed to a killer bee's poison

Illustrated notes

Levels and vault maps discovered:
D:        dungeon_sprint_mu [sprint_mu_entry_forest, sprint_mu_temple_rooms,
          sprint_mu_d1_horrors, sprint_mu_d2_genie, sprint_mu_d3_branching,
          sprint_mu_orc_legion, sprint_mu_elf_gauntlet, sprint_mu_hive_nellie,
          sprint_mu_lair_fedhas, sprint_mu_vaults_butterflies,
          sprint_mu_slime_circle, sprint_mu_swamp_cave, sprint_mu_snake_twists,
          sprint_mu_blade_basic, sprint_mu_crypt_lich, sprint_mu_tomb_spiral,
          sprint_mu_vestibule_basic, sprint_mu_gehenna_hellfire,
          sprint_mu_dis_giant, sprint_mu_tartarus_statrot,
          sprint_mu_cocytus_islands, sprint_mu_zot1]

Skill      XL: |  1  2  3  4  5  6  7  8  9 10 11 |
---------------+----------------------------------+-----
Earth Magic    | 6 8 10 11 13 14 15 16 | 16.0
Dodging        | 3 4 5 6 8 |  8.2
Stealth        | 3 |  3.7
Spellcasting   | 4 7 11 13 15 16 18 20 | 20.7
Conjurations   | 2 3 6 7 9 11 12 13 | 13.8
Fighting       | 3 4 5 6 8 |  8.3
Invocations    | 1 4 6 9 |  9.0
Summonings     | 2 5 |  5.8
Transmutations | |  1.8

Action                     |  1- 3 |  4- 6 |  7- 9 | 10-12 || total
---------------------------+-------+-------+-------+-------++-------
  Melee: Unarmed           |       |       |       |     2 ||     2
   Cast: Sandblast         |    16 |     8 |     2 |     4 ||    30
         Stone Arrow       |     1 |     2 |    63 |    93 ||   159
         Summon Hydra      |       |       |       |     1 ||     1
         Animate Armour    |       |       |       |     1 ||     1
         Olgreb's Toxic Ra |       |       |       |     1 ||     1
         Lehudib's Crystal |       |       |       |     1 ||     1
 Invoke: Divine Exegesis   |       |       |       |     2 ||     2
         Channel Magic     |       |       |       |     1 ||     1
    Use: Potion            |       |       |     3 |     6 ||     9
         Scroll            |       |       |     1 |     1 ||     2
 Armour: Robe              |       |       |     1 |    12 ||    13
  Dodge: Dodged            |     2 |     2 |    17 |    52 ||    73
